MLB
BALTIMORE ORIOLES @ OAKLAND ATHLETICS
07/02/2020
 
TOP OF THE 1ST
Baltimore Orioles batting - Pitching for Oakland Athletics : LHP Sean Manaea
Pitching: LHP Sean Manaea
Batting: RHB Jose Iglesias 0-0: Ball
1-0: Swinging Strike
1-1: Swinging Strike
1-2: Strikes out looking
Batting: RHB Austin Hays 0-0: Foul Ball, location: 2F
0-1: Swinging Strike
0-2: Ball
1-2: Strikes out looking
Batting: LHB Rio Ruiz 0-0: Ball
1-0: Ball
2-0: SINGLE (Line Drive, 6MD, EV 93.8 MPH)
Batting: RHB Renato Nunez 0-0: Called Strike
0-1: Ball
1-1: Ball
2-1: Foul Ball, location: 2F
2-2: Ball
3-2: SINGLE (Line Drive, 9S, EV 109.4 MPH)
Rio Ruiz to second
Rio Ruiz to third
Batting: SHB Anthony Santander 0-0: DOUBLE (Line Drive, 78D, EV 103.8 MPH)
Rio Ruiz scores
Renato Nunez to third
Runner from 3rd tries for Home, throw by CF and OUT! 8-6-2
Top of the 1st over - 1 run, 3 hits, 0 errors, 1 left on base; Baltimore 1 - Oakland 0
BOTTOM OF THE 1ST
Oakland Athletics batting - Pitching for Baltimore Orioles : RHP Keyvius Sampson
Pitching: RHP Keyvius Sampson
Batting: RHB Ramon Laureano 0-0: SINGLE (Groundball, 25, EV 61.9 MPH) (infield hit)
Batting: RHB Marcus Semien 0-0: Sac Bunt to 13S - play at first, batter OUT! 1-3
Ramon Laureano to second
Batting: LHB Matt Olson 0-0: Ball
1-0: Called Strike
1-1: Foul Ball, location: 2F
1-2: Foul Ball, location: 2F
1-2: Foul Ball, location: 2F
1-2: Ball
2-2: Ball
3-2: Foul Ball, location: 2F
3-2: Foul Ball, location: 2F
3-2: Base on Balls
Batting: RHB Matt Chapman 0-0: Called Strike
0-1: Ball
1-1: Ball
2-1: Fly out, F8 (Flyball, 8LM, EV 87.5 MPH)
Batting: RHB Mark Canha 0-0: Ball
1-0: Ball
2-0: Ball
3-0: Called Strike
3-1: Base on Balls
Ramon Laureano to third
Matt Olson to second
Batting: RHB Khris Davis 0-0: Ball
1-0: GRAND SLAM HOME RUN (Flyball, 7D, EV 95.6 MPH), Distance : 432 ft
Batting: RHB Sean Murphy 0-0: Foul Ball, location: 2F
0-1: Fly out, F9 (Flyball, 9LM, EV 94.4 MPH)
Bottom of the 1st over - 4 runs, 2 hits, 0 errors, 0 left on base; Baltimore 1 - Oakland 4
TOP OF THE 2ND
Baltimore Orioles batting - Pitching for Oakland Athletics : LHP Sean Manaea
Batting: RHB Trey Mancini 0-0: Called Strike
0-1: Fly out, F8 (Flyball, 8RS, EV 91.3 MPH)
Batting: LHB Chance Sisco 0-0: Called Strike
0-1: Ball
1-1: Foul Ball, location: 2F
1-2: Foul Ball, location: 2F
1-2: Ground out 6-3 (Groundball, 6, EV 85.6 MPH)
Batting: RHB Hanser Alberto 0-0: Ball
1-0: SINGLE (Flyball, 6MD, EV 95.0 MPH)
Batting: LHB Dwight Smith Jr. 0-0: Ball
Hanser Alberto steals 2nd base
1-0: Called Strike
1-1: Ball
2-1: DOUBLE (Line Drive, 78D, EV 100.0 MPH)
Hanser Alberto scores
Batting: RHB Jose Iglesias 0-0: Fly out, F9 (Flyball, 9LM, EV 95.6 MPH)
Top of the 2nd over - 1 run, 2 hits, 0 errors, 1 left on base; Baltimore 2 - Oakland 4
BOTTOM OF THE 2ND
Oakland Athletics batting - Pitching for Baltimore Orioles : RHP Keyvius Sampson
Batting: RHB Stephen Piscotty 0-0: Foul Ball, location: 2F
0-1: Called Strike
0-2: DOUBLE (Line Drive, 5D, EV 98.8 MPH)
Batting: RHB Chad Pinder 0-0: Called Strike
0-1: Ground out U3 (Groundball, 34S, EV 85.6 MPH)
Stephen Piscotty to third
Batting: RHB Ramon Laureano 0-0: Ball
1-0: Ball
2-0: Fly out, F8 (Flyball, 78XD, EV 107.5 MPH)
Runner from 3rd tags up, SCORES, no throw by CF
Batting: RHB Marcus Semien 0-0: Ball
1-0: Fly out, F8 (Flyball, 8LM, EV 88.8 MPH)
Bottom of the 2nd over - 1 run, 1 hit, 0 errors, 0 left on base; Baltimore 2 - Oakland 5
TOP OF THE 3RD
Baltimore Orioles batting - Pitching for Oakland Athletics : LHP Sean Manaea
Batting: RHB Austin Hays 0-0: Ball
1-0: Ball
2-0: Fly out, F8 (Line Drive, 8RD, EV 89.4 MPH)
Batting: LHB Rio Ruiz 0-0: Foul Ball, location: 2F
0-1: Fly out, F5 (Popup, 6S, EV 71.9 MPH)
Batting: RHB Renato Nunez 0-0: Ground out 6-3 (Groundball, 6, EV 83.8 MPH)
Top of the 3rd over - 0 runs, 0 hits, 0 errors, 0 left on base; Baltimore 2 - Oakland 5
BOTTOM OF THE 3RD
Oakland Athletics batting - Pitching for Baltimore Orioles : RHP Keyvius Sampson
Batting: LHB Matt Olson 0-0: Ball
1-0: Ball
2-0: Ball
3-0: Base on Balls
Batting: RHB Matt Chapman 0-0: Foul Ball, location: 2F
0-1: Called Strike
0-2: Ball
1-2: Strikes out looking
Batting: RHB Mark Canha 0-0: Called Strike
0-1: Grounds into double play, 5-4-3 (Groundball, 56S, EV 90.6 MPH)
Bottom of the 3rd over - 0 runs, 0 hits, 0 errors, 0 left on base; Baltimore 2 - Oakland 5
TOP OF THE 4TH
Baltimore Orioles batting - Pitching for Oakland Athletics : LHP Sean Manaea
Batting: SHB Anthony Santander 0-0: Ball
1-0: Called Strike
1-1: Ball
2-1: Ball
3-1: Called Strike
3-2: Foul Ball, location: 2F
3-2: Ground out 5-3 (Groundball, 15, EV 80.6 MPH)
Batting: RHB Trey Mancini 0-0: SINGLE (Line Drive, 56D, EV 106.3 MPH)
Batting: LHB Chance Sisco 0-0: Ball
1-0: Called Strike
1-1: Foul Ball, location: 2F
1-2: Strikes out swinging
Batting: RHB Hanser Alberto 0-0: Ball
1-0: Swinging Strike
1-1: Swinging Strike
1-2: SINGLE (Line Drive, 4D, EV 103.8 MPH)
Trey Mancini to second
Batting: LHB Dwight Smith Jr. 0-0: Ball
1-0: Foul Ball, location: 2F
1-1: Ball
2-1: SINGLE (Line Drive, 8LS, EV 111.3 MPH)
Trey Mancini to third
Hanser Alberto to second
Runner from 3rd tries for Home, SAFE, throw by CF to home
Batting: RHB Jose Iglesias 0-0: Foul Ball, location: 2F
0-1: Fielders Choice at 2nd, 6-4 (Groundball, 56, EV 90.0 MPH)
Top of the 4th over - 1 run, 3 hits, 0 errors, 2 left on base; Baltimore 3 - Oakland 5
BOTTOM OF THE 4TH
Oakland Athletics batting - Pitching for Baltimore Orioles : RHP Keyvius Sampson
Batting: RHB Khris Davis 0-0: Called Strike
0-1: Ball
1-1: Hit by Pitch
Pinch Runner at 1st Robbie Grossman:
Batting: RHB Sean Murphy 0-0: Called Strike
0-1: Swinging Strike
0-2: Ball
1-2: Fly out, F8 (Flyball, 89XD, EV 92.5 MPH)
Pitching: RHP Greg Holland
Batting: RHB Stephen Piscotty 0-0: Ball
1-0: Called Strike
1-1: Ball
2-1: Ball
3-1: Base on Balls
Robbie Grossman to second
Batting: RHB Chad Pinder 0-0: Ball
1-0: Called Strike
1-1: Swinging Strike
1-2: Strikes out looking
Batting: RHB Ramon Laureano 0-0: Foul Ball, location: 2F
0-1: Ball
1-1: Ball
2-1: Fly out, F9 (Flyball, 9LS, EV 72.5 MPH)
Bottom of the 4th over - 0 runs, 0 hits, 0 errors, 2 left on base; Baltimore 3 - Oakland 5
TOP OF THE 5TH
Baltimore Orioles batting - Pitching for Oakland Athletics : LHP Sean Manaea
Batting: RHB Austin Hays 0-0: Foul Ball, location: 2F
0-1: Ball
1-1: Fly out, F1 (Line Drive, P, EV 67.5 MPH)
Pitching: RHP Brian Schlitter
Batting: LHB Rio Ruiz 0-0: Called Strike
0-1: Ball
1-1: Foul Ball, location: 2F
1-2: Foul Ball, location: 2F
1-2: Ground out 4-3 (Groundball, 4, EV 87.5 MPH)
Batting: RHB Renato Nunez 0-0: Foul Ball, location: 2F
0-1: Ground out 5-3 (Groundball, 5, EV 102.5 MPH)
Top of the 5th over - 0 runs, 0 hits, 0 errors, 0 left on base; Baltimore 3 - Oakland 5
BOTTOM OF THE 5TH
Oakland Athletics batting - Pitching for Baltimore Orioles : RHP Greg Holland
Batting: RHB Marcus Semien 0-0: Ground out 3-1 (Groundball, 23, EV 84.4 MPH)
Batting: LHB Matt Olson 0-0: Called Strike
0-1: Swinging Strike
0-2: Ball
1-2: Foul Ball, location: 2F
1-2: Foul Ball, location: 2F
1-2: Ball
2-2: Strikes out swinging
Batting: RHB Matt Chapman 0-0: Called Strike
0-1: Foul Ball, location: 2F
0-2: Ball
1-2: DOUBLE (Line Drive, 7LS, EV 105.6 MPH)
Pitching: RHP Luke Gregerson
Batting: RHB Mark Canha 0-0: Foul Ball, location: 2F
0-1: Called Strike
0-2: Ball
1-2: Foul Ball, location: 2F
1-2: Ball
2-2: Ball
3-2: Foul Ball, location: 2F
3-2: Ground out 5-3 (Groundball, 56, EV 83.8 MPH)
Bottom of the 5th over - 0 runs, 1 hit, 0 errors, 1 left on base; Baltimore 3 - Oakland 5
TOP OF THE 6TH
Baltimore Orioles batting - Pitching for Oakland Athletics : RHP Brian Schlitter
Batting: SHB Anthony Santander 0-0: Ball
1-0: Ball
2-0: Ball
3-0: Called Strike
3-1: SOLO HOME RUN (Flyball, 78XD, EV 101.9 MPH), Distance : 413 ft
Batting: RHB Trey Mancini 0-0: Called Strike
0-1: Foul Ball, location: 2F
0-2: Foul Ball, location: 2F
0-2: SINGLE (Line Drive, 6D, EV 108.8 MPH)
Batting: LHB Chance Sisco 0-0: Foul Ball, location: 2F
0-1: Foul Ball, location: 2F
0-2: Strikes out looking
Batting: RHB Hanser Alberto 0-0: Ball
1-0: Fielders Choice at 2nd, 4-6 (Groundball, 4, EV 79.4 MPH)
Pitching: RHP Yusmeiro Petit
Batting: LHB Dwight Smith Jr. 0-0: Foul Ball, location: 2F
0-1: Called Strike
0-2: Strikes out swinging
Top of the 6th over - 1 run, 2 hits, 0 errors, 1 left on base; Baltimore 4 - Oakland 5
BOTTOM OF THE 6TH
Oakland Athletics batting - Pitching for Baltimore Orioles : RHP Luke Gregerson
Batting: SHB Robbie Grossman 0-0: DOUBLE (Line Drive, 89D, EV 107.5 MPH)
Batting: RHB Sean Murphy 0-0: Called Strike
0-1: Ball
1-1: Ball
2-1: Ground out 5-3 (Groundball, 5S, EV 81.9 MPH)
Batting: RHB Stephen Piscotty 0-0: Called Strike
0-1: Ball
1-1: Foul Ball, location: 2F
1-2: Ball
2-2: Foul Ball, location: 2F
2-2: Ball
3-2: Ground out 6-3 (Groundball, 56, EV 103.8 MPH)
Pitching: LHP Richard Bleier
Batting: RHB Chad Pinder 0-0: Swinging Strike
0-1: Ball
1-1: Ball
2-1: SINGLE (Flyball, 7S, EV 99.4 MPH)
Robbie Grossman to third
Runner from 3rd tries for Home, SAFE, throw by LF to home
Batting: RHB Ramon Laureano 0-0: Foul Ball, location: 2F
0-1: Ball
1-1: Fielders Choice at 2nd, 5-4 (Groundball, 56, EV 80.6 MPH)
Bottom of the 6th over - 1 run, 2 hits, 0 errors, 1 left on base; Baltimore 4 - Oakland 6
TOP OF THE 7TH
Baltimore Orioles batting - Pitching for Oakland Athletics : RHP Yusmeiro Petit
Batting: RHB Jose Iglesias 0-0: Called Strike
0-1: Ball
1-1: Ball
2-1: SINGLE (Flyball, 6D, EV 94.4 MPH)
Batting: RHB Austin Hays 0-0: Ball
1-0: Ball
Jose Iglesias steals 2nd base
2-0: Ground out 4-3 (Groundball, 34, EV 83.1 MPH)
Jose Iglesias to third
Batting: LHB Rio Ruiz 0-0: Ball
1-0: Ball
2-0: Called Strike
2-1: Ball
3-1: 2-RUN HOME RUN (Flyball, 89XD, EV 88.1 MPH), Distance : 440 ft
Batting: RHB Renato Nunez 0-0: Foul Ball, location: 2F
0-1: Swinging Strike
0-2: Ball
1-2: Ball
2-2: Strikes out looking
Batting: SHB Anthony Santander 0-0: Called Strike
0-1: DOUBLE (Flyball, 8LXD, EV 97.5 MPH)
Batting: RHB Trey Mancini 0-0: Called Strike
0-1: Called Strike
0-2: Strikes out swinging
Top of the 7th over - 2 runs, 3 hits, 0 errors, 1 left on base; Baltimore 6 - Oakland 6
BOTTOM OF THE 7TH
Oakland Athletics batting - Pitching for Baltimore Orioles : LHP Richard Bleier
Batting: RHB Marcus Semien 0-0: Called Strike
0-1: Ball
1-1: Swinging Strike
1-2: Foul Ball, location: 2F
1-2: Strikes out swinging
Batting: LHB Matt Olson 0-0: Ball
1-0: Swinging Strike
1-1: Foul Ball, location: 2F
1-2: Strikes out looking
Pitching: RHP Miguel Castro
Batting: RHB Matt Chapman 0-0: Called Strike
0-1: Ball
1-1: Swinging Strike
1-2: Strikes out swinging
Bottom of the 7th over - 0 runs, 0 hits, 0 errors, 0 left on base; Baltimore 6 - Oakland 6
TOP OF THE 8TH
Baltimore Orioles batting - Pitching for Oakland Athletics : RHP Yusmeiro Petit
Batting: LHB Chance Sisco 0-0: Ball
1-0: Ball
2-0: Called Strike
2-1: Called Strike
2-2: Foul Ball, location: 2F
2-2: Strikes out swinging
Pitching: LHP Jake Diekman
Batting: RHB Hanser Alberto 0-0: Ball
1-0: Ground out 6-3 (Groundball, 6M, EV 88.8 MPH)
Batting: LHB Dwight Smith Jr. 0-0: Ball
1-0: Ball
2-0: Called Strike
2-1: Ball
3-1: Ground out 6-3 (Groundball, 6, EV 102.5 MPH)
Top of the 8th over - 0 runs, 0 hits, 0 errors, 0 left on base; Baltimore 6 - Oakland 6
BOTTOM OF THE 8TH
Oakland Athletics batting - Pitching for Baltimore Orioles : RHP Miguel Castro
Batting: RHB Mark Canha 0-0: Ball
1-0: Fly out, F4 (Flyball, 4D, EV 85.6 MPH)
Batting: SHB Robbie Grossman 0-0: Ball
1-0: Ball
2-0: Called Strike
2-1: Swinging Strike
2-2: Foul Ball, location: 2F
2-2: Foul Ball, location: 2F
2-2: Fly out, F8 (Flyball, 8LS, EV 92.5 MPH)
Batting: RHB Sean Murphy 0-0: Foul Ball, location: 2F
0-1: Ball
1-1: Swinging Strike
1-2: Ball
2-2: Ground out 6-3 (Groundball, 6MD, EV 109.4 MPH)
Bottom of the 8th over - 0 runs, 0 hits, 0 errors, 0 left on base; Baltimore 6 - Oakland 6
TOP OF THE 9TH
Baltimore Orioles batting - Pitching for Oakland Athletics : LHP Jake Diekman
Batting: RHB Jose Iglesias 0-0: Fly out, F8 (Flyball, 8RS, EV 86.9 MPH)
Batting: RHB Austin Hays 0-0: Called Strike
0-1: Called Strike
0-2: Strikes out swinging
Batting: LHB Rio Ruiz 0-0: Foul Ball, location: 2F
0-1: Swinging Strike
0-2: Strikes out swinging
Top of the 9th over - 0 runs, 0 hits, 0 errors, 0 left on base; Baltimore 6 - Oakland 6
BOTTOM OF THE 9TH
Oakland Athletics batting - Pitching for Baltimore Orioles : RHP Miguel Castro
Pitching: RHP Mychal Givens
Batting: RHB Stephen Piscotty 0-0: Ball
1-0: Ball
2-0: Called Strike
2-1: Ground out 5-3 (Groundball, 5L, EV 106.3 MPH)
Batting: RHB Chad Pinder 0-0: Ball
1-0: Foul Ball, location: 2F
1-1: Foul Ball, location: 2F
1-2: Foul Ball, location: 2F
1-2: Fly out, F8 (Flyball, 78D, EV 95.0 MPH)
Batting: RHB Ramon Laureano 0-0: Called Strike
0-1: Ball
1-1: Ball
2-1: SINGLE (Line Drive, 8RS, EV 96.9 MPH)
Batting: RHB Marcus Semien 0-0: Called Strike
0-1: Ball
1-1: Ball
2-1: Called Strike
2-2: Fly out, F8 (Flyball, 8RXD, EV 100.6 MPH)
Bottom of the 9th over - 0 runs, 1 hit, 0 errors, 1 left on base; Baltimore 6 - Oakland 6
TOP OF THE 10TH
Baltimore Orioles batting - Pitching for Oakland Athletics : LHP Jake Diekman
Pitching: RHP Liam Hendriks
Batting: RHB Renato Nunez 0-0: Foul Ball, location: 2F
0-1: Ball
1-1: Called Strike
1-2: Foul Ball, location: 2F
1-2: Strikes out swinging, 2-3 out at first.
Batting: SHB Anthony Santander 0-0: Called Strike
0-1: Ball
1-1: Foul Ball, location: 2F
1-2: Fly out, F8 (Flyball, 89XD, EV 111.3 MPH)
Batting: RHB Trey Mancini 0-0: Ball
1-0: Swinging Strike
1-1: Ball
2-1: Ball
3-1: Ground out 5-3 (Groundball, 56, EV 101.3 MPH)
Top of the 10th over - 0 runs, 0 hits, 0 errors, 0 left on base; Baltimore 6 - Oakland 6
BOTTOM OF THE 10TH
Oakland Athletics batting - Pitching for Baltimore Orioles : RHP Mychal Givens
Batting: LHB Matt Olson 0-0: Ball
1-0: Foul Ball, location: 2F
1-1: Fly out, F7 (Flyball, 7S, EV 84.4 MPH)
Batting: RHB Matt Chapman 0-0: Called Strike
0-1: Fly out, F8 (Flyball, 8LXD, EV 91.3 MPH)
Batting: RHB Mark Canha 0-0: Called Strike
0-1: Ball
1-1: Foul Ball, location: 2F
1-2: Strikes out swinging
Bottom of the 10th over - 0 runs, 0 hits, 0 errors, 0 left on base; Baltimore 6 - Oakland 6
TOP OF THE 11TH
Baltimore Orioles batting - Pitching for Oakland Athletics : RHP Liam Hendriks
Batting: LHB Chance Sisco 0-0: Called Strike
0-1: Foul Ball, location: 2F
0-2: DOUBLE (Groundball, 3L, EV 103.8 MPH)
Batting: RHB Hanser Alberto 0-0: Ground out 5-3 (Groundball, 56, EV 91.9 MPH)
Batting: LHB Dwight Smith Jr. 0-0: Intentional Walk
Pinch Hitting: LHB DJ Stewart 0-0: Fly out, F7 (Flyball, 7LS, EV 80.6 MPH)
Batting: RHB Austin Hays 0-0: Ball
1-0: Ball
2-0: Foul Ball, location: 2F
2-1: DOUBLE (Groundball, 5L, EV 98.1 MPH)
Chance Sisco scores
Dwight Smith Jr. to third
Runner from 3rd tries for Home, SAFE, throw by LF to trailing runner, SAFE at third!
Pitching: RHP Joakim Soria
Batting: LHB Rio Ruiz 0-0: Called Strike
0-1: Ball
1-1: Swinging Strike
1-2: Foul Ball, location: 2F
1-2: Ball
2-2: Foul Ball, location: 2F
2-2: Foul Ball, location: 2F
2-2: Ball
3-2: Base on Balls
Batting: RHB Renato Nunez Balk!
Austin Hays scores
Rio Ruiz to second
0-0: Ball
1-0: Swinging Strike
1-1: Foul Ball, location: 2F
1-2: Ball
2-2: Strikes out looking
Top of the 11th over - 3 runs, 2 hits, 0 errors, 1 left on base; Baltimore 9 - Oakland 6
BOTTOM OF THE 11TH
Oakland Athletics batting - Pitching for Baltimore Orioles : RHP Mychal Givens
Pitching: RHP Kyle Lloyd
Now at 2B: Ramon Urias
Batting: SHB Robbie Grossman 0-0: Called Strike
0-1: Swinging Strike
0-2: Ball
1-2: Strikes out swinging
Batting: RHB Sean Murphy 0-0: Foul Ball, location: 2F
0-1: Ground out 1-3 (Groundball, 13, EV 70.0 MPH)
Batting: RHB Stephen Piscotty 0-0: Ball
1-0: Ground out 1-3 (Groundball, 23, EV 66.9 MPH)
Bottom of the 11th over - 0 runs, 0 hits, 0 errors, 0 left on base; Baltimore 9 - Oakland 6
Wednesday, July 8th, 2020 - OOTP Baseball 21.4 Build 63